Description

harass with the single tankivac while back at home getting your 3rd CC.This build order in particular Polt goes into fast upgrades with marine tank marauder.

Replay - Polt v Snute: Game 2 - Orbital Shipyard

Build Order

Get SALT Encoding   

  12  0:00  SCV  
  13  0:13  SCV  
  14  0:18  Supply Depot  
  14  0:25  SCV  
  15  0:40  SCV  
  15  0:41  Barracks  
  16  0:44  Refinery  
  16  0:52  SCV  
  18  1:04  SCV  
  18  1:16  SCV  
  19  1:28  Orbital Command  
  19  1:29  Reaper  
  20  1:40  Command Center  
  20  1:51  Supply Depot  
  20  1:53  SCV  
  21  2:00  Marine  
  22  2:06  SCV  
  23  2:09  Factory  
  23  2:15  Refinery  
  23  2:18  SCV  
  23  2:22  Barracks Reactor  
  24  2:30  SCV  
  25  2:42  SCV  
  26  2:51  Orbital Command  
  26  2:54  SCV, Starport  
  27  2:59  Factory Tech Lab  
  27  3:00  Marine x2  
  29  3:06  SCV  
  30  3:17  SCV  
  30  3:18  SCV, Marine x2  
  30  3:19  Supply Depot  
  34  3:20  Siege Tank  After siege tank swap barracks onto tech lab and land factory with no add on
  37  3:29  SCV  
  37  3:30  SCV  
  39  3:39  Medivac  
  41  3:41  SCV  
  41  3:42  SCV  
  41  3:47  Command Center  
  43  3:53  SCV  
  43  3:54  SCV  
  44  4:04  Marine  
  44  4:05  SCV, Stimpack  
  44  4:07  SCV  
  47  4:11  Barracks  this barracks goes onto the empty reactor left behind by the barracks
  47  4:13  Barracks  build second barracks next to the factory
  47  4:14  Viking  
  49  4:17  SCV  
  49  4:19  SCV, Supply Depot  
  49  4:22  Factory Reactor, Refinery  this reactor will be for the second barracks currently building
  51  4:25  Refinery  
  51  4:27  Marine  
  52  4:40  SCV x2  
  54  4:45  Marine  
  54  4:48  Starport Reactor  
  54  4:52  SCV x2, Engineering Bay  
  57  4:53  Engineering Bay  
  57  5:00  Orbital Command  
  57  5:04  SCV x2, Marine x2  
  61  5:11  Factory Tech Lab  this is for tanks, if you prefer widow mine style make a reactor
  61  5:12  Marine  
  61  5:13  Marine x2  
  64  5:16  SCV x2  
  64  5:18  Terran Infantry Weapons Level 1  
  64  5:19  Terran Infantry Armor Level 1  
  66  5:25  Medivac x2  
  66  5:26  Orbital Command  
Spawning Tool Build Advisor. Get it on Overwolf

Analysis

Id recommend placing a marine or a SCV in front of the enemies ramp to see if they are moving out for some type of bane bust or roach ravager attack. I cant tell you how many times iv sent my tankivac out and needed to call it back because a zerg is cheesing me. so i started placing a marine or 2 in key positions to scout any type of attack. other than that you should be good.

A warning though if your a lower league player who isn't very good at multitasking id recommend a different build. you need to be capable of microing the tank and medivac while you macro back home. if you do sick damage with the tank but float 3k minerals and have nothing back home your doing more damage to yourself than the the opponent.

Go to:

Details

  • Created by: Tygo
  • Published on: Mar 20, 2016
  • Modified on: Mar 20, 2016
  • Patch: Pre-3.8.0
Show
View Real Time Build Order
Export as new Build Order

Comments (0)

There are no comments. Be the first!

Create an account to comment!